 Dungeon Crawl Stone Soup version 0.31.0 (webtiles) character file.

Game seed: 9653853392513801295

31 maumauz the Grave Robber (level 3, 0/28 HPs)
             Began as a Hill Orc Necromancer on Jan 19, 2024.
             Slain by a hobgoblin (2 damage)
             ... on level 2 of the Dungeon.
             The game lasted 00:09:51 (894 turns).

maumauz the Grave Robber (Hill Orc Necromancer)      Turns: 894, Time: 00:09:53

Health: 0/28       AC:  6    Str: 10    XL:     3   Next: 22%
Magic:  1/5        EV:  6    Int: 17    God:
Gold:   38         SH:  0    Dex: 11    Spells: 1/5 levels left

rFire   . . .        f - +0 dagger
rCold   . . .        (no shield)
rNeg    . . .        k - +3 leather armour
rPois   .            (no helmet)
rElec   .            (no cloak)
rCorr   .            (no gloves)
SInv    .            (no boots)
Will    .....        (no amulet)
Stlth   +            (no ring)
HPRegen 0.24/turn    (no ring)
MPRegen 0.09/turn

%: no passive effects
@: very slightly contaminated, held
A: no striking features
a: no special abilities


You were on level 2 of the Dungeon.
You visited 1 branch of the dungeon, and saw 2 of its levels.

You collected 38 gold pieces.

Inventory:

Hand Weapons
 f - a +0 dagger (weapon)
Armour
 a - a +0 robe
 k - a +3 leather armour (worn)
Scrolls
 c - a scroll of revelation {unknown}
 d - 2 scrolls of identify {unknown}
 e - a scroll of blinking {unknown}
 h - a scroll of acquirement {unknown}
 i - a scroll of fear {unknown}
Potions
 b - a potion of magic
 g - 2 potions of brilliance {unknown}
 j - a potion of heal wounds {unknown}
 l - a potion of haste {unknown}


   Skills:
 + Level 1.1 Fighting
 + Level 1.1 Armour
 - Level 1.7 Dodging
 - Level 1.7 Stealth
 + Level 1.9 Spellcasting
 + Level 4.2 Necromancy


You had one spell level left.
You knew the following spells:

 Your Spells              Type           Power      Damage    Failure   Level
a - Necrotise             Necr           64%        1d7       4%          1
b - Vampiric Draining     Necr           16%        2d7       14%         3

Your spell library contained the following spells:

 Spells                   Type           Power      Damage    Failure   Level
 Animate Dead             Necr           16%        N/A       41%         4
 Curse of Agony           Necr           16%        N/A       77%         5


Dungeon Overview and Level Annotations

Branches:
Dungeon (1/15)

Altars:


Message History

Aiming: Necrotise (safe; 4% risk of failure)
Press: ? - help, Shift-Dir - straight line, f - hobgoblin, p - ribbon worm
Aim: a hobgoblin (moderately wounded, chance to affect: 86%)
The hobgoblin barely resists.
The hobgoblin hits you. The ribbon worm misses you.
Casting: Necrotise (safe; 4% risk of failure)
Confirm with . or Enter, or press ? or * to list all spells.
Aiming: Necrotise (safe; 4% risk of failure)
Press: ? - help, Shift-Dir - straight line, f/p - hobgoblin
Aim: a hobgoblin (moderately wounded, chance to affect: 86%)
The hobgoblin writhes in agony.
The hobgoblin hits you but does no damage.
Casting: Necrotise (safe; 4% risk of failure)
Confirm with . or Enter, or press ? or * to list all spells.
Aiming: Necrotise (safe; 4% risk of failure)
Press: ? - help, Shift-Dir - straight line, f/p - hobgoblin
Aim: a hobgoblin (heavily wounded, chance to affect: 86%)
You miscast Necrotise.
You are very lightly contaminated with residual magic.
Nothing appears to happen.
The ribbon worm expels a string of sticky webbing.
The stream of webbing hits you but does no damage.
You are caught in a web!
The hobgoblin hits you but does no damage.
Casting: Necrotise (safe; 4% risk of failure)
Confirm with . or Enter, or press ? or * to list all spells.
Aiming: Necrotise (safe; 4% risk of failure)
Press: ? - help, Shift-Dir - straight line, f/p - hobgoblin
Aim: a hobgoblin (heavily wounded, chance to affect: 86%)
The hobgoblin barely resists.
The ribbon worm closely misses you. The hobgoblin hits you.
Casting: Necrotise (safe; 4% risk of failure)
Confirm with . or Enter, or press ? or * to list all spells.
Aiming: Necrotise (safe; 4% risk of failure)
Press: ? - help, Shift-Dir - straight line, f/p - hobgoblin
Aim: a hobgoblin (heavily wounded, chance to affect: 86%)
The hobgoblin writhes in agony.
The ribbon worm bites you!
* * * LOW HITPOINT WARNING * * *
The hobgoblin hits you.
You die...

#.....# #.....# .
###.#### ##. #...Z..# #..
#.#.##.# #.#
#.#.##.#####.#####
######.#.......##...).
)...#.........##g.###.##
##.#.#......#...@wK......
...#.###.####.#.##.......
#............#.# .......
##.#.###.######.# .......
..)..###.## #.# .......
#######...# #.. ....#..
#...# ### ..... . #...#
#.#.#. #...#


You could see a ribbon worm, a hobgoblin and a kobold.

Vanquished Creatures
  An adder (D:2)
  2 bats (D:1)
  2 endoplasms (D:1)
  A giant cockroach (D:1)
  A goblin (D:1)
  4 hobgoblins
  A kobold (D:2)
  A quokka (D:1)
  2 ball pythons
  A frilled lizard (D:1)
  4 rats
20 creatures vanquished.

Notes
Turn   | Place    | Note
-------+----------+-------------------------------------------
     0 | D:1      | maumauz the Hill Orc Necromancer began the quest for the
                  | Orb.
     0 | D:1      | Reached XP level 1. HP: 14/14 MP: 3/3
   360 | D:1      | Reached XP level 2. HP: 20/20 MP: 1/4
   585 | D:1      | You fall into a shaft and drop 1 floor!
   697 | D:2      | Reached skill level 1 in Fighting
   697 | D:2      | Reached skill level 1 in Armour
   697 | D:2      | Reached XP level 3. HP: 24/28 MP: 0/5
   749 | D:2      | Learned a level 3 spell: Vampiric Draining
   894 | D:2      | Slain by a hobgoblin

Illustrated notes

Levels and vault maps discovered:
D:1:      dpeg_arrival_pits, layout_loops_corners, serial_forest,
          infiniplex_forest_end_3, infiniplex_forest_3_way,
          infiniplex_forest_corner_2, infiniplex_forest_clump_long,
          infiniplex_forest_straight_2, infiniplex_forest_lined_corner,
          minmay_tripent
D:2:      layout_loops_cross

Skill      XL: |  1  2 |
---------------+-------+-----
Fighting       | 1 |  1.1
Armour         | 1 |  1.1
Dodging        | |  1.7
Stealth        | |  1.7
Spellcasting   | |  1.9
Necromancy     | |  4.2

Action                     || total
---------------------------++-------
  Melee: Unarmed           ||     7
         Dagger            ||    36
   Cast: Necrotise         ||    49
    Use: Potion            ||     1
 Armour: Robe              ||    14
         Leather armour    ||    28
  Dodge: Dodged            ||    47
